[Event "*** Titled Tuesday Blitz"]
[Site "Chess.com"]
[Date "2020.05.19"]
[Round "4"]
[White "Mizner"]
[Black "ZverevLev"]
[Result "1-0"]
[WhiteElo "2554"]
[BlackElo "2168"]
[TimeControl "180+1"]
[EndTime "12:41:26 PDT"]
[Termination "Mizner won on time"]

1. d4 Nf6 2. c4 e6 3. Nc3 Bb4 4. Qc2 Bxc3+ 5. Qxc3 O-O 6. g3 d5 7. Bg2 c5 8. Nf3 cxd4 9. Qxd4 Nc6 10. Qh4 h6 11. O-O dxc4 12. Qxc4 e5 13. Be3 Be6 14. Qb5 Qc7 15. Rfc1 Nd5 16. Bc5 Rfc8 17. Qa4 Qd7 18.
Rd1 Qc7 19. Rac1 Qb8 20. Qa3 Rd8 21. b4 a6 22. Qb2 b6 23. Bf8 Kxf8 24. Rxc6 Ne7 25.
Rcc1 f6 26. Nd2 Ra7 27. Ne4 Rad7 28. Rxd7 Rxd7 29. a4 Qd8 30. h3 Rd1+ 31. Kh2 Rxc1 32. Qxc1 Kf7 33. a5 bxa5 34. bxa5 Bd5 35. Qc5 Qa8 36.
Nd6+ Ke6 37. e4 Bc6 38. h4 Kd7 39. Bh3+ Kd8 40. Nc4 Qb8 41. Nb6 Qc7 42. Qc4 Qd6 43.
Qxa6 Qd2 44. Qf1 Qb2 45. Nc4 Qa2 46. Qd1+ 1-0

[Event "*** Titled Tuesday Blitz"]
[Site "Chess.com"]
[Date "2020.05.19"]
[Round "4"]
[White "LaStreetCmaMaison"]
[Black "SharapovEvgeny"]
[Result "1/2-1/2"]
[WhiteElo "2579"]
[BlackElo "2377"]
[TimeControl "180+1"]
[EndTime "12:41:26 PDT"]
[Termination "Game drawn - insufficient material"]

1. b3 c5 2. Bb2 Nc6 3. Nf3 Nf6 4. e3 g6 5. d4 cxd4 6. exd4 d5 7. Bd3 Bg7 8. O-O O-O 9. Re1 Bf5 10. Bxf5 gxf5 11.
Ne5 Nxe5 12. dxe5 Ne4 13. f3 Nc5 14. Nc3 e6 15. Qe2 Rc8 16. Kh1 a6 17. Rad1 Qc7 18. Rd4 Nd7 19. f4 b5 20. g4 Qc5 21. Red1 b4 22. Na4 Qxc2 23. Qxc2 Rxc2 24. gxf5 Rfc8 25.
Rxb4 exf5 26. Rxd5 Nf8 27. Rdd4 Ne6 28. Rdc4 R2xc4 29. Rxc4 Rxc4 30. bxc4 Nxf4 31. c5 Kf8 32. Nb6 Ke8 33.
c6 Ne6 34. Kg2 Bf8 35. Nd5 Kd8 36. Kf3 Bc5 37. Kg3 Kc8 38. Kh4 Bd4 39. Ne7+ Kc7 40. Bxd4 Nxd4 41. Kg5 h6+ 42. Kxh6 f4 43. Nd5+ Kxc6 44.
Nxf4 Nf3 45. Kg7 Nxe5 46. h4 Kd6 47. h5 Ng4 48. h6 Nxh6 49. Kxh6 Kc5 50. Kg7 Kb4 51. Nd3+ Ka3 52. Nc1 Kb2 53. Nd3+ Kxa2 54. Nb4+ Kb3 55. Nxa6 f5 56. Nc5+ Kc4 57. Ne6 f4 58.
Nxf4 1/2-1/2

[Event "*** Titled Tuesday Blitz"]
[Site "Chess.com"]
[Date "2020.05.19"]
[Round "4"]
[White "Kezin_Roman"]
[Black "GregShahade"]
[Result "1-0"]
[WhiteElo "2748"]
[BlackElo "2503"]
[TimeControl "180+1"]
[EndTime "12:41:27 PDT"]
[Termination "Kezin_Roman won by checkmate"]

1. d4 Nf6 2. c4 g6 3. Nc3 d5 4. cxd5 Nxd5 5. e4 Nxc3 6. bxc3 Bg7 7. Nf3 c5 8. Be3 Qa5 9. Qd2 Nc6 10. Rb1 a6 11.
Rc1 cxd4 12. cxd4 Qxd2+ 13. Kxd2 O-O 14. d5 Ne5 15. Nxe5 Bxe5 16. f4 Bb8 17. e5 Bd7 18. Bd3 f6 19. e6 Bb5 20. Rhd1 Bd6 21. g3 Rfc8 22. Rxc8+ Rxc8 23. Bxb5 axb5 24. Rc1 Ra8 25.
Bc5 Rxa2+ 26. Kd3 Ra6 27. Bxd6 Rxd6 28. Kd4 Rd8 29. Rc7 Kf8 30. Rxb7 Ra8 31. Rxb5 h5 32. Rb7 Rd8 33. Rc7 Ke8 34. Kc5 Kf8 35. Kc6 Rd6+ 36. Kc5 Rd8 37. Rd7 Rc8+ 38. Kb6 Ke8 39. Rc7 Rb8+ 40.
Kc6 Rd8 41. Rd7 Rxd7 42. exd7+ Kd8 43. h3 g5 44. f5 g4 45. h4 e5 46. dxe6 Ke7 47. Kc7 Kf8 48. d8=Q+ Kg7 49. e7 Kh6 50. e8=Q Kg7 51. Qg6# 1-0

[Event "*** Titled Tuesday Blitz"]
[Site "Chess.com"]
[Date "2020.05.19"]
[Round "4"]
[White "OK97"]
[Black "Anna_ChessMate"]
[Result "0-1"]
[WhiteElo "2740"]
[BlackElo "2533"]
[TimeControl "180+1"]
[EndTime "12:41:28 PDT"]
[Termination "Anna_ChessMate won by resignation"]

1. d4 d5 2. c4 c6 3. Nf3 Nf6 4. e3 Bg4 5. h3 Bxf3 6. Qxf3 e6 7. Nc3 Nbd7 8. Bd2 Bb4 9. Bd3 O-O 10. cxd5 exd5 11. g4 Re8 12. O-O-O Bxc3 13. Bxc3 Ne4 14. Bxe4 dxe4 15. Qf5 Nf6 16. g5 Nd5 17. h4 g6 18. Qg4 Nxc3 19. bxc3 Qa5 20. Kb2 Rad8 21. h5 Rd5 22. Rc1 Rxg5 23. Qe2 Qb5+ 24. Qxb5 Rxb5+ 25. Kc2 gxh5 26. Rh4 Kg7 27. Rf4 Rg5 28.
Rb1 b6 29. c4 Rg4 30. Rh1 Kg6 31. Kd2 Rd8 32. Kc3 f5 33. a4 Rd7 34. a5 Kg5 35.
axb6 axb6 36. Rb1 Rxf4 37. exf4+ Kxf4 38. Rxb6 Rc7 39. Kd2 Kf3 40. Ke1 f4 41. d5 cxd5 42. cxd5 Rc1+ 43. Kd2 Rc5 44. d6 Rd5+ 45. Kc3 Kxf2 46.
Kc4 Rd1 47. Rb2+ Kf3 48. Rb3+ e3 49. Rd3 Rxd3 50. Kxd3 e2 51. d7 e1=Q 52. d8=Q Qd1+ 53. Kc3 Qxd8 0-1

[Event "*** Titled Tuesday Blitz"]
[Site "Chess.com"]
[Date "2020.05.19"]
[Round "4"]
[White "turayev_shahruh17"]
[Black "Zhuu96"]
[Result "0-1"]
[WhiteElo "2528"]
[BlackElo "2854"]
[TimeControl "180+1"]
[EndTime "12:41:29 PDT"]
[Termination "Zhuu96 won on time"]

1. e4 d6 2. d4 Nf6 3. Bd3 e5 4. c3 Nbd7 5. Be3 d5 6. exd5 Nxd5 7. Ne2 Be7 8. O-O O-O 9. Bc2 Nxe3 10. fxe3 Bg5 11. Qd3 g6 12. Ng3 f5 13. Nd2 Nf6 14.
Rae1 e4 15. Qc4+ Kh8 16. Re2 Nd5 17. Rfe1 Be6 18. Qa4 Nxe3 19. Rxe3 Bxe3+ 20. Rxe3 f4 21. Rxe4 fxg3 22. Rxe6 Qg5 23. Nf3 Qc1+ 24. Bd1 gxh2+ 25.
Kh1 Qxb2 26. Qc2 Qxc2 27. Bxc2 Rae8 28. Rxe8 Rxe8 29. Bd3 Re3 30. Ne5 Kg7 31. Kxh2 g5 32. Kg1 Re1+ 33. Kf2 Rc1 34. c4 h5 35. Ke3 g4 36. Be4 c6 37. Kf4 Rd1 38. d5 cxd5 39. Bxd5 b5 40. Kg5 Rd2 41. Kxh5 bxc4 42. Bxc4 g3 43. Kg4 Kf6 44. Nf3 Rxg2 45. Nh4 Rc2 46.
Bd5 Rc3 47. Bf3 Ra3 48. Kxg3 Ke5 49. Ng6+ Kd6 50. Nf4 a5 51. Ne2 Rxa2 52. Kf2 Kc5 53. Be4 Kb4 54. Ke3 a4 55. Bd3 a3 56. Nd4 Rh2 57.
Nc2+ Rxc2 58. Bxc2 a2 0-1

[Event "*** Titled Tuesday Blitz"]
[Site "Chess.com"]
[Date "2020.05.19"]
[Round "4"]
[White "Munkhzul_Turmunkh"]
[Black "Lubov_Gordyk"]
[Result "1-0"]
[WhiteElo "2493"]
[BlackElo "2638"]
[TimeControl "180+1"]
[EndTime "12:41:30 PDT"]
[Termination "Munkhzul_Turmunkh won by resignation"]

1. e4 g6 2. d4 Bg7 3. Nc3 d6 4. Nf3 a6 5. Be2 b5 6. a3 Bb7 7. O-O Nd7 8. Be3 Rc8 9. Qd2 c5 10. Rad1 cxd4 11. Bxd4 Bxd4 12. Qxd4 Ngf6 13. e5 dxe5 14.
Nxe5 Nxe5 15. Qxe5 Qc7 16. f4 O-O 17. Rd2 Rfe8 18.
Bf3 Bxf3 19. Rxf3 Qxe5 20. fxe5 Ng4 21. Re2 Rc5 22. Rg3 Nxe5 23. b4 Rxc3 24. Rxc3 Nc4 25. a4 e5 26. axb5 axb5 27. Rd3 Rb8 28. Rd7 f5 29. Kf2 e4 30. Re1 Rc8 31. Ra1 Ne5 32. Rd2 e3+ 33. Kxe3 Nc4+ 34. Ke2 Re8+ 35. Kd1 Nxd2 36.
Kxd2 Re4 37. c3 Rg4 38. g3 f4 39. gxf4 Rxf4 40. Ra5 Rf2+ 41. Kd3 Rxh2 42. Rxb5 Kf7 43. Rb7+ Ke6 44. b5 Kd5 45. c4+ Kd6 46. Rb6+ Kd7 47. Rb7+ Kd6 48. Rb6+ Kd7 49. c5 Rh5 50. Rb7+ Kc8 51.
c6 Rf5 52. Kc4 h5 53. Rg7 g5 54. b6 Rf4+ 55. Kb5 Rf7 56. Rxf7 1-0

[Event "*** Titled Tuesday Blitz"]
[Site "Chess.com"]
[Date "2020.05.19"]
[Round "4"]
[White "WPWPWP-2015"]
[Black "Buffy7"]
[Result "0-1"]
[WhiteElo "2405"]
[BlackElo "2635"]
[TimeControl "180+1"]
[EndTime "12:41:30 PDT"]
[Termination "Buffy7 won by resignation"]

1. e4 e5 2. Nf3 Nc6 3. Bc4 Nf6 4. d3 h6 5. O-O d6 6. h3 g5 7. Nbd2 Bg7 8. Nh2 Na5 9. Bb5+ c6 10. Ba4 b5 11.
Bb3 O-O 12. Re1 Re8 13. Ndf1 Nxb3 14. axb3 d5 15. Qe2 c5 16. Ng4 Nxg4 17. hxg4 Qd7 18. Ne3 d4 19. Nf5 Qc6 20. Bd2 Be6 21. g3 c4 22.
bxc4 bxc4 23. Kg2 a6 24. Ra5 Rab8 25. Bc1 Rb5 26. Rxb5 axb5 27. Rh1 f6 28. Qf3 Bxf5 29. Qxf5 Qe6 30. Rd1 Qxf5 31. gxf5 Ra8 32. Bd2 Ra2 33. Rb1 Bf8 34. Kf3 c3 35. Bc1 b4 36. Ke2 g4 37.
Kd1 h5 38. bxc3 dxc3 39. Be3 Kf7 40. Rc1 Ke8 41. Rb1 Kd7 42. d4 exd4 43. Bxd4 Be7 44. e5 fxe5 45. Bxe5 Bf8 46. f6 Ke6 47. Bd4 Kd5 48. Be3 Ke5 49. Bg5 Kf5 50. Bh4 Kg6 51.
Kc1 Bc5 52. Kd1 Bd6 53. Kc1 Bf8 54. Kd1 Bc5 55. Kc1 Bxf2 56. Rxb4 Ra1+ 57. Rb1 Be3+ 58.
Kd1 Rxb1+ 59. Ke2 Bd4 60. Kd3 Bxf6 61. Bxf6 Kxf6 62. Kxc3 Rg1 0-1

[Event "*** Titled Tuesday Blitz"]
[Site "Chess.com"]
[Date "2020.05.19"]
[Round "4"]
[White "Nayemhaque22"]
[Black "zmeeed67"]
[Result "0-1"]
[WhiteElo "2165"]
[BlackElo "2399"]
[TimeControl "180+1"]
[EndTime "12:41:30 PDT"]
[Termination "zmeeed67 won on time"]

1. e4 c5 2. Nf3 e6 3. d4 cxd4 4. Nxd4 Nf6 5. Nc3 Bb4 6. e5 Nd5 7. Bd2 Bxc3 8. bxc3 O-O 9. Bd3 d6 10. exd6 Qxd6 11. O-O Nc6 12. Nb5 Qe7 13. c4 Nf6 14. Bc3 Rd8 15. Qe2 a6 16. Bxf6 Qxf6 17. Na3 Qc3 18. Qf3 g6 19. Be4 Qxf3 20. Bxf3 e5 21.
Bxc6 bxc6 22. Rfe1 f6 23. Rab1 Bf5 24. h3 Rab8 25.
g4 Be6 26. Rb3 c5 27. Reb1 Rxb3 28. axb3 Rd2 29. Kf1 h5 30. Ke1 Rd4 31. f3 f5 32.
gxh5 g5 33. Ke2 Kg7 34. Rg1 Kh6 35. h4 Rxh4 36. Nb1 Rh2+ 37. Kd3 f4 38. Nc3 Kxh5 39. Ne4 g4 40. fxg4+ Kg6 41. g5 Rh3+ 42. Kd2 Bf5 43. Nxc5 Rh2+ 44. Kc3 Rxc2+ 45. Kb4 f3 46. Rf1 f2 47. Nxa6 e4 48. Nc5 e3 49. Na4 e2 0-1

[Event "*** Titled Tuesday Blitz"]
[Site "Chess.com"]
[Date "2020.05.19"]
[Round "4"]
[White "Shahinyan_ChessMood"]
[Black "nihalsarin"]
[Result "0-1"]
[WhiteElo "2661"]
[BlackElo "3015"]
[TimeControl "180+1"]
[EndTime "12:41:32 PDT"]
[Termination "nihalsarin won on time"]

1. e4 Nf6 2. d3 e5 3. Nd2 Nc6 4. Ngf3 Bc5 5. Be2 d5 6. O-O O-O 7. c3 a5 8. h3 h6 9. Qc2 Re8 10.
Rd1 Ba7 11. Nf1 Be6 12. Be3 Bxe3 13. Nxe3 d4 14. cxd4 Nxd4 15. Nxd4 exd4 16. Nf1 b6 17. Rdc1 c5 18. f4 Qc7 19. Qd2 Nh7 20. Bf3 Rad8 21. Ng3 Nf8 22. Nh5 f6 23. Qf2 Bf7 24. Qg3 Bxh5 25.
Bxh5 Re7 26. Bd1 Kh7 27. Bb3 g5 28. Rf1 Ng6 29. Rf3 Nxf4 30. Qg4 h5 31. Qf5+ Kg7 32. Raf1 Re5 33. Rxf4 gxf4 34. Qxf4 Qe7 35. h4 Rf8 36. Rf3 Kh7 37. Rg3 b5 38. Bd5 a4 39.
b3 a3 40. Kh2 Qd6 41. Qf3 Rxd5 42. exd5 Rg8 43. Kh3 Rxg3+ 44. Qxg3 Qxd5 45. Qc7+ Kg6 46. Qb8 Qf5+ 47. Kg3 Qe5+ 48. Qxe5 fxe5 49. Kf2 Kf5 50.
Kf3 Kf6 0-1

[Event "*** Titled Tuesday Blitz"]
[Site "Chess.com"]
[Date "2020.05.19"]
[Round "4"]
[White "DraG0s3L"]
[Black "GadimbayliA"]
[Result "0-1"]
[WhiteElo "2521"]
[BlackElo "2838"]
[TimeControl "180+1"]
[EndTime "12:41:32 PDT"]
[Termination "GadimbayliA won by resignation"]

1. d4 d5 2. c4 e5 3. dxe5 d4 4.
Nf3 Nc6 5. Bf4 Nge7 6. e3 Ng6 7. Bg5 f6 8. exf6 gxf6 9. Bf4 Bb4+ 10. Nbd2 Nxf4 11.
exf4 Bf5 12. Qb3 d3 13. O-O-O Qd6 14. a3 Bxd2+ 15. Rxd2 O-O-O 16. Nh4 Be4 17. f3 Qxf4 18. g3 Nd4 19. Qc3 Qe3 20. fxe4 Qxe4 21. Bxd3 Qxh1+ 22. Rd1 Qxh2 23. Nf5 Nxf5 24. Bxf5+ Kb8 25. Qxf6 Rxd1+ 26. Kxd1 Qg1+ 27. Kc2 Re8 28. Bd3 Qg2+ 29. Kb3 Qxg3 30. Qd4 h5 31. Ka2 h4 32. Be4 c6 33.
Bh1 h3 34. Qd7 Rg8 35. Bxc6 bxc6 36. Qxc6 h2 37. Qb5+ Kc8 38. Qc6+ Kd8 39. Qd5+ Ke7 40. Qe4+ Kf6 41. Qc6+ Kg5 42. Qd5+ Kh4 43. Qe4+ Qg4 44.
Qe1+ Kh3 45. Qe3+ Qg3 46. Qh6+ Kg2 47. Qd2+ Qf2 48. Qd5+ Kf1 49. Qd1+ Qe1 50. Qf3+ Kg1 51. Qf7 h1=Q 52. Qxg8+ Qg2 53. Qf7 Qef2 0-1

[Event "*** Titled Tuesday Blitz"]
[Site "Chess.com"]
[Date "2020.05.19"]
[Round "4"]
[White "lupta_robin"]
[Black "chessablanca"]
[Result "1-0"]
[WhiteElo "2624"]
[BlackElo "2459"]
[TimeControl "180+1"]
[EndTime "12:41:32 PDT"]
[Termination "lupta_robin won by checkmate"]

1. e4 e5 2. Nf3 Nc6 3. d4 exd4 4. Nxd4 Nf6 5. Nxc6 bxc6 6. e5 Qe7 7. Qe2 Nd5 8.
c4 Nb6 9. Nc3 d6 10. Bf4 Be6 11. b3 d5 12. cxd5 cxd5 13. O-O-O c6 14. Qd2 a5 15. Be3 Nd7 16. Na4 Nxe5 17. f4 Ng4 18.
Bd4 Nf6 19. Bd3 Ne4 20. Qc2 Rc8 21. Rhe1 f5 22. g4 Qf7 23. Kb1 Bb4 24. Re2 O-O 25. g5 c5 26. Be5 c4 27. Bxe4 dxe4 28. Qb2 cxb3 29. a3 Be7 30. Nb6 Rc6 31. Nd7 Rd8 32. Red2 Bc4 33. Nf6+ Bxf6 34. Rxd8+ Bxd8 35. Rxd8+ Qf8 36. Rxf8+ Kxf8 37. Bxg7+ Kf7 38. Qe5 a4 39. Kb2 Be6 40.
Qf6+ Ke8 41. Qf8+ Kd7 42. Bc3 Rd6 43. Qg7+ Kc6 44. Bd4 Kb5 45. Qe5+ Rd5 46. Qxe6 Rxd4 47. Qxf5+ Kc4 48. Qe6+ Kd3 49. f5 Ke3 50. f6 Rd2+ 51. Kb1 Rd1+ 52. Kb2 Rd2+ 53. Kc3 Rc2+ 54. Kb4 b2 55. Qa2 Kd2 56. f7 e3 57. f8=Q Kc1 58. Qd6 b1=Q+ 59. Qxb1+ Kxb1 60. Qe5 e2 61. Qe4 Kc1 62.
h4 Kd1 63. Qd3+ Rd2 64. Qb1# 1-0

[Event "*** Titled Tuesday Blitz"]
[Site "Chess.com"]
[Date "2020.05.19"]
[Round "4"]
[White "stoleriu"]
[Black "ChocolateRoses"]
[Result "1-0"]
[WhiteElo "2559"]
[BlackElo "2267"]
[TimeControl "180+1"]
[EndTime "12:41:32 PDT"]
[Termination "stoleriu won by checkmate"]

1. e4 e6 2. d4 d5 3. Nc3 Bb4 4. exd5 exd5 5. Bd3 Nc6 6. a3 Bxc3+ 7. bxc3 Nge7 8. Qh5 Be6 9. Ne2 Qd7 10. Rb1 b6 11. O-O O-O-O 12. Ng3 g6 13. Qh4 Nf5 14. Qf6 Nxg3 15.
hxg3 Bf5 16. Bb5 Be6 17. a4 Qe7 18. Bg5 Qd6 19. Bf4 Qe7 20. Qxe7 Nxe7 21. Bg5 Rd7 22. Bxd7+ Kxd7 23. Bxe7 Kxe7 24. Rfe1 Kd7 25. a5 Bf5 26. Re2 Rc8 27. f3 Be6 28. Kf2 Kd6 29. Rh1 h5 30.
Ra1 Rb8 31. axb6 axb6 32. Ra7 Rc8 33. Re1 Rd8 34. Rb1 Rd7 35. Rb2 Kc6 36. Ra8 Kd6 37. Re8 Kc6 38. Ke3 Kd6 39. Kf4 Bf5 40. g4 Be6 41. gxh5 gxh5 42. Rh8 Re7 43. Rxh5 Bd7 44. Rh6+ Be6 45. g4 Re8 46. Kg3 Rg8 47. Rb1 Rg7 48.
Re1 Kd7 49. Re5 Kc6 50. g5 Kb5 51. f4 Kc4 52. f5 Bc8 53. Rc6+ Kb5 54. Rxc7 Rxg5+ 55. Kf4 Rxf5+ 56. Rxf5 Bxf5 57. Kxf5 Ka4 58. Ke5 b5 59.
Kxd5 b4 60. cxb4 Kxb4 61. Rxf7 Ka3 62. Rb7 Ka2 63. Kc4 Ka1 64. Kc3 Ka2 65. Kd2 Ka1 66. c4 Ka2 67. Kc3 Ka3 68. Ra7# 1-0

[Event "*** Titled Tuesday Blitz"]
[Site "Chess.com"]
[Date "2020.05.19"]
[Round "4"]
[White "CheckThis4"]
[Black "Manukyan_Artak"]
[Result "0-1"]
[WhiteElo "2473"]
[BlackElo "2310"]
[TimeControl "180+1"]
[EndTime "12:41:32 PDT"]
[Termination "Manukyan_Artak won on time"]

1. e4 c6 2. d4 d5 3. e5 Bf5 4. Nf3 e6 5. Be2 h6 6. O-O Ne7 7. Nbd2 Nd7 8. Re1 Nc8 9. c4 dxc4 10. Nxc4 Ncb6 11. Na5 Qc7 12. Bd2 Be7 13. Rc1 O-O 14. Qb3 Rab8 15. Bb4 Bxb4 16. Qxb4 Nd5 17. Qa3 N7b6 18.
Nd2 Nf4 19. Ndc4 Nxe2+ 20. Rxe2 Rfd8 21. Nd6 Bg6 22. h4 Rd7 23. b4 Rxd6 24. exd6 Qxd6 25. Nc4 Nxc4 26. Rxc4 a6 27. g3 Rd8 28. Qc3 Qd5 29.
Re5 Qd7 30. a4 Ra8 31. h5 Bh7 32. a5 Rd8 33. Qe3 Qc8 34. Qf4 Rd7 35. Re3 Qd8 36.
Rf3 Qe7 37. Rc5 Bb1 38. Qb8+ Rd8 39. Qa7 Be4 40. Rf4 Rxd4 41. Rc1 e5 42. Rh4 Qd6 43.
Qxb7 Rd1+ 44. Kh2 Rxc1 45. Rxe4 Qd5 46. Qb8+ Kh7 47. Qxe5 Qxe5 48. Rxe5 Rc4 49. Re7 Rxb4 50. Ra7 c5 51. Rxa6 c4 52. Rc6 Rb5 0-1

[Event "*** Titled Tuesday Blitz"]
[Site "Chess.com"]
[Date "2020.05.19"]
[Round "4"]
[White "Megagigahiper3345"]
[Black "jerry_77"]
[Result "0-1"]
[WhiteElo "2617"]
[BlackElo "2478"]
[TimeControl "180+1"]
[EndTime "12:41:33 PDT"]
[Termination "jerry_77 won by checkmate"]

1. d4 Nf6 2. c4 e6 3. Nf3 d5 4. Nc3 Bb4 5. Qa4+ Nc6 6. e3 O-O 7. Qc2 Re8 8. a3 Bxc3+ 9. Qxc3 dxc4 10. Bxc4 a6 11. O-O Ne7 12. b4 b5 13. Bd3 Bb7 14. Qc2 Ng6 15. e4 e5 16. dxe5 Nxe5 17. Nxe5 Rxe5 18. Bb2 Re6 19. Rad1 Ng4 20. h3 Ne5 21.
Qc3 Nf3+ 22. gxf3 Rg6+ 23. Kh2 Qh4 24. Qe5 h6 25. Bc1 Bc8 26. Qf5 Bxf5 27. exf5 Rd6 28.
Be4 Rad8 29. Rxd6 cxd6 30. Be3 d5 31. Bd3 d4 32. Bd2 Kf8 33. Kg2 Kg8 34. Re1 Qf6 35.
Rc1 Qd6 36. Rc5 Qd7 37. h4 Rc8 38. Re5 Re8 39. Rc5 f6 40. h5 Rc8 41. Kg3 Rxc5 42.
bxc5 Qc7+ 43. Bf4 Qxc5 44. Kg4 Qxa3 45. Be4 Qc5 46. Bd2 b4 47. Bd3 b3 48. Kh4 b2 49. f4 a5 50. Kg4 a4 51. Bb1 a3 52.
Ba2+ Kh7 53. Bb1 Qc4 54. Be4 Qe2+ 55. Bf3 Qxd2 56. Kh4 b1=Q 57. Kg4 a2 58. Bg2 a1=Q 59.
Kh4 Qxf2+ 60. Kh3 Qd3+ 61. Kg4 Qdg3# 0-1

[Event "*** Titled Tuesday Blitz"]
[Site "Chess.com"]
[Date "2020.05.19"]
[Round "4"]
[White "K_A_S_T_O_R"]
[Black "sari07"]
[Result "1-0"]
[WhiteElo "2725"]
[BlackElo "2443"]
[TimeControl "180+1"]
[EndTime "12:41:33 PDT"]
[Termination "K_A_S_T_O_R won by resignation"]

1. e4 e5 2. Nf3 Nc6 3. Bb5 a6 4. Ba4 Nf6 5. O-O Be7 6. Re1 b5 7. Bb3 O-O 8. h3 Bb7 9. d3 d6 10. a3 Nb8 11. Nbd2 Nbd7 12. Nf1 Re8 13. Ng5 d5 14. exd5 Bxd5 15. Bxd5 Nxd5 16. Nf3 Bf8 17. Ng3 g6 18. Bg5 f6 19. Bd2 c5 20. a4 f5 21. c3 Bg7 22. axb5 axb5 23. Qb3 Nb6 24. Rxa8 Qxa8 25. Qxb5 Qa4 26. Qxa4 Nxa4 27. b4 cxb4 28. cxb4 Nb2 29. d4 e4 30. Ne5 Rb8 31. Nc6 Rb6 32. Rc1 Nd3 33. Rc4 Rb5 34. Ne2 Nb6 35.
Rc2 Nd5 36. Nc3 N5xb4 37. Nxb5 Nxc2 38. d5 Kf7 39. Nd8+ Ke8 40. Ne6 Be5 41. f4 exf3 42. gxf3 Kd7 43. Nf8+ Ke7 44. Nxh7 Nf4 45. Bxf4 Bxf4 46.
Kf2 Nb4 47. d6+ Bxd6 48. Nxd6 Kxd6 49. Nf8 g5 50. Nh7 Nd3+ 51. Kg3 Ke5 52. Nxg5 f4+ 53. Kh4 Kf5 54. Ne4 Ne1 55. Nd2 Nd3 56. Kh5 Ne5 57.
h4 Nf7 58. Nc4 Ne5 59. Nxe5 Kxe5 60. Kg5 Kd4 61. Kxf4 1-0

[Event "*** Titled Tuesday Blitz"]
[Site "Chess.com"]
[Date "2020.05.19"]
[Round "4"]
[White "PavelShkapenko"]
[Black "mbachez"]
[Result "1-0"]
[WhiteElo "2680"]
[BlackElo "2487"]
[TimeControl "180+1"]
[EndTime "12:41:34 PDT"]
[Termination "PavelShkapenko won by resignation"]

1. e4 e6 2. d4 d5 3. exd5 exd5 4. Nf3 Nf6 5. c4 Bb4+ 6. Nc3 O-O 7. Be2 dxc4 8. Bxc4 Re8+ 9. Be3 c6 10. O-O Be6 11. Bxe6 Rxe6 12. Qb3 Na6 13. Rad1 Bxc3 14. bxc3 b5 15.
c4 bxc4 16. Qxc4 Nc7 17. Ng5 Re7 18. Qxc6 Ncd5 19. Bd2 Rc8 20. Qa6 h6 21. Nf3 Ne4 22. Ba5 Qe8 23. Rc1 Nec3 24. Bxc3 Nxc3 25. Kh1 Rec7 26.
Rfe1 Qd8 27. Rc2 Qd5 28. Re5 Qd7 29. h3 f6 30. Qe6+ Qxe6 31. Rxe6 Kf7 32. Ra6 Ne4 33. Re2 Nc3 34. Re1 Rb8 35. Rc1 Rbb7 36. Kh2 Nd5 37.
Rc5 Nb4 38. Ra4 Rxc5 39. dxc5 Nd3 40. c6 Rc7 41. Kg3 Nc5 42. Ra5 Rxc6 43. Rxa7+ Kg8 44. Nd4 Rd6 45. Rxg7+ Kxg7 46. Nf5+ Kf7 47. Nxd6+ Ke6 48. Nc4 Kd5 49. Ne3+ Ke4 50. Ng4 f5 51. Nxh6 Ne6 52.
Kh2 f4 53. Nf7 Kd3 54. g3 f3 55. g4 Ke2 56. Kg3 Nc5 57. Ng5 Nd3 58. Nxf3 Nxf2 59. Ng5 Kf1 60. h4 Ne4+ 61. Nxe4 1-0

[Event "*** Titled Tuesday Blitz"]
[Site "Chess.com"]
[Date "2020.05.19"]
[Round "4"]
[White "marcodobrikov"]
[Black "Goryachkina"]
[Result "0-1"]
[WhiteElo "2467"]
[BlackElo "2694"]
[TimeControl "180+1"]
[EndTime "12:41:34 PDT"]
[Termination "Goryachkina won by checkmate"]

1. e4 e6 2. d4 d5 3. Nc3 Bb4 4. e5 c5 5. a3 Ba5 6. b4 cxd4 7. Nce2 Bb6 8. Nxd4 Nc6 9. Bb5 Bd7 10. Bxc6 Bxc6 11. Be3 Ne7 12. f4 O-O 13. c3 Rc8 14. Nge2 a6 15. O-O Bb5 16. Qd2 Bxe2 17. Nxe2 Bxe3+ 18. Qxe3 Nf5 19. Qd3 Qb6+ 20. Kh1 Rc4 21. g4 Ne3 22. Rg1 Re4 23. Rg3 Rc8 24. Nd4 Nc4 25. a4 a5 26. b5 Rxf4 27. Qe2 Re4 28. Qg2 Nxe5 29. g5 Ng6 30. Rf1 Qd6 31. Qf2 Rf4 32. Rf3 Rxf3 33. Qxf3 Rf8 34. Qf2 Qe5 35. h4 Qe4+ 36.
Kg1 Qg4+ 37. Qg2 Qxg2+ 38. Kxg2 Nxh4+ 39. Kg3 Ng6 40. Rc1 Rc8 41. Nb3 b6 42. Nd4 Ne7 43.
Kf4 Ng6+ 44. Kg3 Rc4 45. Nc6 Rxa4 46. c4 Rxc4 47. Rxc4 dxc4 48. Nxa5 bxa5 49. Kf3 Ne7 50. Ke4 a4 51. Kd4 a3 52. Kc3 Nc8 53. Kxc4 a2 54. g6 a1=Q 55. gxf7+ Kxf7 56. b6 Nxb6+ 57. Kc5 Qa5+ 58. Kd6 Nc4+ 59. Kd7 Qa7+ 60. Kc8 Nb6+ 61. Kd8 Qe7# 0-1

[Event "*** Titled Tuesday Blitz"]
[Site "Chess.com"]
[Date "2020.05.19"]
[Round "4"]
[White "Kildepiotr"]
[Black "Rakesh"]
[Result "1-0"]
[WhiteElo "2577"]
[BlackElo "2371"]
[TimeControl "180+1"]
[EndTime "12:41:35 PDT"]
[Termination "Kildepiotr won by resignation"]

1. Nf3 c5 2. g3 d5 3. Bg2 Nc6 4. O-O Nf6 5. d3 e6 6. Nbd2 Be7 7. e4 O-O 8. Qe2 b6 9. e5 Nd7 10. c3 Ba6 11. h4 Qc7 12. Re1 Rad8 13. Nf1 d4 14. c4 b5 15. b3 bxc4 16. bxc4 Rb8 17.
Bg5 Rb6 18. Bxe7 Nxe7 19. Qd2 Rfb8 20. Qg5 Nf8 21. N1d2 h6 22. Qg4 Rb2 23. Ne4 Nf5 24. Qf4 Bb7 25. g4 Ng6 26. Qh2 Nfe7 27. h5 Bxe4 28.
Rxe4 Rb1+ 29. Re1 Rxa1 30. Rxa1 Nf8 31. Nd2 Rb2 32. Ne4 Nd7 33. f4 Qb6 34. Qg3 Rb1+ 35. Rxb1 Qxb1+ 36. Kh2 Qxa2 37. Kh3 Qe2 38. Qf3 Qxf3+ 39.
Bxf3 a5 40. Bd1 Nb6 41. Nxc5 Nc6 42. Kg3 Nb4 43. Kf3 Kf8 44. Ke4 Ke7 45. Kxd4 f5 46.
gxf5 exf5 47. Kc3 Nc6 48. d4 Nb4 49. d5 Na2+ 50. Kd4 Nc1 51. Na4 Nxa4 52. Bxa4 Ne2+ 53.
Ke3 Nc3 54. Bc2 a4 55. Kd3 a3 56. Kxc3 1-0

[Event "*** Titled Tuesday Blitz"]
[Site "Chess.com"]
[Date "2020.05.19"]
[Round "4"]
[White "Bad4life"]
[Black "Godzillator"]
[Result "1-0"]
[WhiteElo "2303"]
[BlackElo "2445"]
[TimeControl "180+1"]
[EndTime "12:41:35 PDT"]
[Termination "Bad4life won by resignation"]

1. e4 c6 2. Nc3 d5 3. Nf3 Bg4 4. h3 Bxf3 5. Qxf3 Nf6 6. e5 Nfd7 7. Qg3 e6 8. Be2 c5 9. O-O Nc6 10. f4 g6 11. d3 Be7 12. Bd2 Nd4 13. Bd1 Bh4 14.
Qh2 Qb6 15. Rb1 c4 16. Kh1 Nf5 17. Be1 Be7 18. dxc4 Ne3 19. Rf3 Nxc4 20. Bf2 Bc5 21. Na4 Qb5 22. Nxc5 Nxc5 23. Be2 Ne4 24. Be1 Qc6 25.
Bb4 Ncd2 26. Bxd2 Nxd2 27. Rc3 Qb6 28. Rd1 Ne4 29. Rb3 Qc5 30. Bb5+ Kf8 31. Qg1 Qxc2 32. Rc1 Qd2 33. Rd1 Nf2+ 34. Kh2 Nxd1 35. Qc5+ Kg7 36.
Rf3 Rhf8 37. Qe7 Ne3 38. Qf6+ Kg8 39. Rg3 Nf1+ 40. Bxf1 Qf2 41. Rf3 Qe1 42. b3 Rac8 43.
h4 Rc2 44. h5 Rf2 45. Rxf2 Qxf2 46. h6 Qh4+ 47. Qxh4 f6 48. exf6 g5 49. Qxg5+ Kf7 50.
Qg7+ Ke8 51. Bb5+ Kd8 52. Qe7+ Kc8 53. Qxf8+ Kc7 54. Qe7+ Kb6 55. f7 Kxb5 56. f8=Q Ka5 57. Qc5+ b5 58. Qfc8 a6 59. Qc3+ 1-0

[Event "*** Titled Tuesday Blitz"]
[Site "Chess.com"]
[Date "2020.05.19"]
[Round "4"]
[White "RichardShtivelband"]
[Black "MartinCerveny"]
[Result "1/2-1/2"]
[WhiteElo "2284"]
[BlackElo "2445"]
[TimeControl "180+1"]
[EndTime "12:41:35 PDT"]
[Termination "Game drawn by agreement"]

1. e4 c5 2. Nf3 d6 3. d4 cxd4 4.
Nxd4 Nf6 5. Nc3 a6 6. Be3 e5 7.
Nb3 Be6 8. f3 Nbd7 9. g4 b5 10. g5 Nh5 11. Nd5 Rc8 12. Qd2 Bxd5 13. exd5 Be7 14. Na5 Nb8 15. Bh3 Rxc2 16. Qxc2 Qxa5+ 17. Bd2 Qd8 18. Bg4 Nf4 19. Bxf4 exf4 20. h4 O-O 21. O-O h6 22. gxh6 Bxh4 23. hxg7 Kxg7 24. Qf5 Qf6 25. Rab1 a5 26. Kg2 Na6 27. Rh1 Qxf5 28. Bxf5 Bg3 29. Bd3 Rb8 30. a3 Nc5 31.
Be2 b4 32. axb4 Rxb4 33. Rhc1 Kf6 34. Rc4 Rb3 35. Rc3 Rb6 36. b3 Ke5 37. Bc4 Kd4 38. Rc2 a4 39. Rd1+ Ke5 40. bxa4 Nxa4 41. Ba2 Nc5 42.
Re2+ Kf6 43. Bb1 Rb8 44. Be4 Nd7 45. Kf1 Ne5 46. Rg2 Rb3 47. Rc1 Nxf3 48. Bxf3 Rxf3+ 49. Ke2 Re3+ 50. Kd2 Re5 51. Kc2 Rxd5 52. Rd2 Rxd2+ 53.
Kxd2 Ke5 54. Ke2 d5 55. Kf3 f5 56. Ra1 Kd4 57. Ra4+ Kc3 58. Ra3+ Kc4 59. Ra4+ Kc5 60. Ra5+ Kd6 61. Ra6+ Ke5 62. Ra4 Bh2 63. Rb4 Bg3 64. Ra4 Kd6 65. Ra5 Kc6 66. Ra4 Kc5 67. Ra5+ Kd6 68.
Ra4 Kc6 69. Ra5 d4 1/2-1/2